 Dungeon Crawl Stone Soup version 0.28.0-49-g6dfe1f597d (webtiles) character file.

Game seed: 14734950481856553945

779 safid the Cleaver (level 7, -4/59 HPs)
             Began as a Hill Orc Fighter on May 13, 2022.
             Was an Initiate of Beogh.
             Slain by a scorpion (6 damage)
             ... on level 3 of the Dungeon.
             The game lasted 00:06:59 (5051 turns).

safid the Cleaver (Hill Orc Fighter)                Turns: 5051, Time: 00:07:00

Health: -4/59      AC: 11    Str: 21    XL:     7   Next: 85%
Magic:  7/7        EV:  9    Int:  8    God:    Beogh [......]
Gold:   194        SH:  4    Dex: 10    Spells: 6/6 levels left

rFire   . . .      SeeInvis .   a - +0 war axe
rCold   . . .      Faith    .   c - +0 buckler
rNeg    + . .      Spirit   .   b - +0 scale mail
rPois   .          Reflect  .   f - +0 helmet
rElec   .          Harm     .   (no cloak)
rCorr   .          Rampage  .   u - +2 pair of gloves
Will    .....                   (no boots)
Stlth   ..........              (no amulet)
HPRegen 0.19/turn               g - ring of positive energy
MPRegen 0.10/turn               (no ring)

@: lethally poisoned (-4 -> -9)
A: no striking features
a: Renounce Religion


You were on level 3 of the Dungeon.
You worshipped Beogh.
Beogh was noncommittal.
You visited 1 branch of the dungeon, and saw 5 of its levels.

You collected 194 gold pieces.

Inventory:

Hand Weapons
 a - a +0 war axe (weapon)
Missiles
 t - 2 boomerangs (quivered)
Armour
 b - a +0 scale mail (worn)
 c - a +0 buckler (worn)
 f - a +0 helmet (worn)
 u - a +2 pair of gloves (worn)
Jewellery
 g - a ring of positive energy (left hand)
Wands
 h - a wand of iceblast (8)
 o - a wand of acid (9)
 v - a wand of polymorph (7)
Scrolls
 j - 6 scrolls of identify {unknown}
 l - 2 scrolls of brand weapon {unknown}
 p - a scroll of immolation {unknown}
 q - a scroll of noise {unknown}
 w - a scroll of holy word {unknown}
 x - a scroll of amnesia {unknown}
Potions
 d - a potion of might
 e - a potion of heal wounds {unknown}
 i - a potion of degeneration {unknown}
 k - a potion of ambrosia {unknown}
 m - a potion of flight {unknown}
 n - 2 potions of haste {unknown}
 r - a potion of curing
 s - a potion of attraction {unknown}
 z - a potion of brilliance


   Skills:
 - Level 4.0 Fighting
 + Level 10.5 Axes
 - Level 4.0 Armour
 - Level 4.0 Shields


You had 6 spell levels left.
You didn't know any spells.
Your spell library was empty.

Dungeon Overview and Level Annotations

Branches:
Dungeon (5/15)
 Temple: D:4-7

Altars:
Fedhas
Ru
Uskayaw
Vehumet
Wu Jian

Annotations:
D:3 1 runed translucent door, Crazy Yiuf


Message History

* * * LOW HITPOINT WARNING * * *
The ufetubus barely misses you. The scorpion stings you.
* * * LOW HITPOINT WARNING * * *
You are lethally poisoned!
The scorpion poisons you!
You feel better. The ufetubus hits you.
* * * LOW HITPOINT WARNING * * *
The ufetubus hits you but does no damage.
The scorpion closely misses you. The ufetubus closely misses you.
You block the ufetubus's attack. You block the scorpion's attack.
You hit the ufetubus.
The ufetubus is lightly wounded.
You hit the scorpion.
The ufetubus hits you but does no damage. x2
The scorpion closely misses you.
You hit the ufetubus but do no damage.
The ufetubus is lightly wounded.
You hit the scorpion.
The ufetubus hits you but does no damage.
The ufetubus barely misses you. The scorpion stings you!
* * * LOW HITPOINT WARNING * * *
You are lethally poisoned!
The scorpion poisons you!
The ufetubus hits you but does no damage.
The ufetubus barely misses you.
You miss the ufetubus.
The ufetubus is lightly wounded.
You barely miss the scorpion.
* * * LOW HITPOINT WARNING * * *
You feel very sick. You block the ufetubus's attack.
The ufetubus hits you but does no damage.
The scorpion stings you but does no damage.
The ufetubus closely misses you. The ufetubus barely misses you.
You miss the ufetubus.
The ufetubus is lightly wounded.
You closely miss the scorpion.
* * * LOW HITPOINT WARNING * * *
You feel sick. The scorpion stings you.
You die...

#..........# #.# #..)# #.#.#
..#.....#..###.# ##### ##†#.#
###>.....(.....# #..#.##
###.##.....#.##############)#.#
# #.##............##.......###.
# #.##.....#.).........##.## ##
# #.##..<#.#.########....## # #
#.####....#5## #..##.## ##
#####.# #....###@##
##..###.###. ...##.###...##
##s####...####.#.#
...........## ##...............
#...#...#...##
##.####...########
..#.....#....###.## ##..# ##.
#...#..####.#.#.## #..# ##.#
...##..# #.#...## #..#####.#.
#####..####..###.# #.......###
............#.#.## ########.##


You could see a scorpion and an ufetubus.

Vanquished Creatures
  Sigmund (D:3)
  Eustachio (D:4)
  2 black bears
  A howler monkey (D:5)
  Terence (D:2)
  An iguana (D:4)
  A hound zombie (D:2)
  7 adders
  3 gnolls (D:4)
  An ufetubus (D:5)
  3 adder skeletons (D:2)
  3 adder zombies (D:2)
  3 worms (D:2)
  3 dart slugs
  4 orcs
  A ball python (D:3)
  A bat skeleton (D:2)
  2 bat zombies (D:2)
  6 endoplasms
  4 giant cockroaches
  4 goblins
  6 hobgoblins
  6 quokkas
  A ball python skeleton (D:2)
  2 ball python zombies (D:2)
  7 bats
  2 frilled lizards
  7 kobolds
  2 quokka skeletons (D:2)
  7 rats
93 creatures vanquished.

Vanquished Creatures (others)
  2 withered plants (D:2)
2 creatures vanquished.

Grand Total: 95 creatures vanquished

Notes
Turn   | Place    | Note
-------+----------+-------------------------------------------
     0 | D:1      | safid the Hill Orc Fighter began the quest for the Orb.
     0 | D:1      | Reached XP level 1. HP: 19/19 MP: 1/1
   430 | D:1      | Reached skill level 3 in Axes
   430 | D:1      | Reached XP level 2. HP: 25/27 MP: 2/2
  1101 | D:2      | Reached XP level 3. HP: 33/33 MP: 3/3
  1472 | D:2      | Noticed Terence
  1484 | D:2      | Killed Terence
  1485 | D:2      | Reached XP level 4. HP: 6/40 MP: 4/4
  1758 | D:2      | Reached skill level 4 in Axes
  2117 | D:2      | Reached skill level 5 in Axes
  2151 | D:2      | Reached XP level 5. HP: 41/46 MP: 5/5
  2464 | D:3      | Noticed Sigmund
  2613 | D:3      | Killed Sigmund
  2614 | D:3      | Reached skill level 7 in Axes
  2614 | D:3      | Reached XP level 6. HP: 25/52 MP: 6/6
  2843 | D:3      | Found a runed translucent door.
  2844 | D:3      | Noticed Crazy Yiuf
  2945 | D:3      | Identified the +2 leather armour "Leufucyt" {rPois rF+
                  | Int+2}
  3259 | D:3      | Found an ornate altar of the Wu Jian Council.
  3339 | D:3      | Found a blossoming altar of Fedhas.
  3589 | D:4      | Found a sacrificial altar of Ru.
  3589 | D:4      | Found a radiant altar of Vehumet.
  3616 | D:4      | Noticed a black bear
  3647 | D:3      | Killed a black bear
  3648 | D:3      | Reached skill level 8 in Axes
  3875 | D:4      | Reached XP level 7. HP: 26/59 MP: 7/7
  4324 | D:4      | Noticed Eustachio
  4379 | D:4      | Killed Eustachio
  4380 | D:4      | Reached skill level 9 in Axes
  4451 | D:4      | Became a worshipper of Beogh the Brigand
  4728 | D:5      | Entered Level 5 of the Dungeon
  4737 | D:5      | Found a hide-covered altar of Uskayaw.
  4778 | D:5      | Reached skill level 10 in Axes
  5051 | D:3      | HP: 2/59 [poisoned by a scorpion]
  5051 | D:3      | Slain by a scorpion

Illustrated notes

Levels and vault maps discovered:
D:1:      dpeg_arrival_round_b, layout_loops_ring, serial_forest,
          infiniplex_forest_straight_2, infiniplex_forest_lined_room_,
          infiniplex_forest_straight_2, infiniplex_forest_straight_3,
          infiniplex_forest_end_double, infiniplex_forest_clump_small
D:2:      layout_loops_corners, serial_undead, serial_undead_f, serial_undead_d,
          serial_undead_a, serial_undead_e, serial_undead_b, serial_undead_a,
          serial_undead_a, serial_undead_b, minivault_5, uniq_terence
D:3:      layout_loops_ring, amcnicky_altar_gilded, fedhas_altar_fruit_tree,
          uniq_crazy_yiuf_cottage, uniq_sigmund
D:4:      layout_cave_pools, chequers_temple_overflow_statue_of_worship,
          uniq_eustachio
D:5:      layout_rooms, nicolae_sif_muna_condensation,
          eat_drink_and_be_merry_uskayaw

Skill      XL: |  1  2  3  4  5  6  7 |
---------------+----------------------+-----
Axes           | 3 5 7 8 10 | 10.5
Fighting       | 4 |  4.0
Armour         | 4 |  4.0
Shields        | 4 |  4.0

Action                   |  1- 3 |  4- 6 |  7- 9 || total
-------------------------+-------+-------+-------++-------
Melee: War axe           |    97 |   159 |    93 ||   349
Invok: Convert to Beogh  |       |       |     1 ||     1
  Use: Potion            |       |       |     2 ||     2
Armor: Scale mail        |    36 |    98 |    63 ||   197
Dodge: Dodged            |    42 |    93 |    75 ||   210
Block: Buckler           |    21 |    38 |    31 ||    90
